 Dungeon Crawl Stone Soup version 0.29-a0-541-gaf1fc19f1b (webtiles) character file.

Game seed: 10011186823586135100

30 Morbidden the Skirmisher (level 3, 29/29 HPs)
             Began as a Demonspawn Fighter on June 2, 2022.
             Quit the game on level 1 of the Dungeon.
             The game lasted 00:00:57 (624 turns).

Morbidden the Skirmisher (Demonspawn Fighter)        Turns: 624, Time: 00:00:58

Health: 29/29      AC:  9    Str: 18    XL:     3   Next: 3%
Magic:  3/3        EV:  6    Int: 15    God:
Gold:   10         SH:  4    Dex: 12    Spells: 3/3 levels left

rFire   . . .      SeeInvis .   a - +0 war axe
rCold   . . .      Faith    .   c - +0 buckler
rNeg    . . .      Spirit   .   f - +0 chain mail
rPois   .          Reflect  .   (no helmet)
rElec   .          Harm     .   (no cloak)
rCorr   .          Rampage  .   (no gloves)
Will    +....                   (no boots)
Stlth   ..........              (no amulet)
HPRegen 0.09/turn               i - ring of willpower
MPRegen 0.08/turn               j - +6 ring of intelligence

@: no status effects
A: demonic magic 1, weakness stinger 1
a: no special abilities


You were on level 1 of the Dungeon.
You visited 1 branch of the dungeon, and saw 1 of its levels.

You collected 10 gold pieces.

Inventory:

Hand Weapons
 a - a +0 war axe (weapon)
Armour
 c - a +0 buckler (worn)
 f - a +0 chain mail (worn)
Jewellery
 i - a ring of willpower (left hand)
 j - a +6 ring of intelligence (right hand)
Scrolls
 b - a scroll of teleportation {unknown}
 e - a scroll of amnesia {unknown}
 h - a scroll of identify {unknown}
Potions
 d - a potion of might
 g - a potion of flight {unknown}


   Skills:
 * Level 3.4 Fighting
 * Level 2.2 Axes
 + Level 2.8 Armour
 * Level 0.4 Dodging
 + Level 2.8 Shields
 * Level 0.5 Spellcasting


You had 3 spell levels left.
You didn't know any spells.
Your spell library was empty.

Dungeon Overview and Level Annotations

Branches:
Dungeon (1/15)

Altars:


Innate Abilities, Weirdness & Mutations

Spells you cast may paralyse adjacent enemies.
You have a small tail.


Message History

Key pressed, stopping explore.
No target in view!
Key pressed, stopping explore.
No target in view!
Key pressed, stopping explore.
No target in view!
Key pressed, stopping explore.
No target in view!
Found an escape hatch in the floor.
An endoplasm comes into view.
Found a robe.
The endoplasm quivers.
An endoplasm is nearby!
An endoplasm is nearby!
An endoplasm is nearby!
An endoplasm is nearby!
You hit the endoplasm. You tail-slap the endoplasm.
The endoplasm is almost dead.
The endoplasm freezes you.
You are frozen.
You hit the endoplasm.
You kill the endoplasm!
No target in view!
No target in view!
No target in view!
No target in view!
No target in view!
No target in view!
No target in view!
No target in view!
No target in view!
No target in view!
No target in view!
No target in view!
No target in view!
Unknown command.
An endoplasm and a dart slug come into view.
The endoplasm quivers.
There are monsters nearby!
Are you sure you want to abandon this character and quit the game? (Confirm with "yes".)

#..# #.#+#.##.#
#.#.#.#.##.# #
#..# #.....##.#
#[#.#.#.# .. #
#.## ########.#
#.#.#.#.# .##
#. #.# #.#.#..
# #.# #......
#.# ###.#.# ###
#.# #.#
.....##.#####.#
.......@.......
.....##.######.
.... ... ###
..... .......
.........
.J......?..
..........w.#


You could see a dart slug and an endoplasm.

Vanquished Creatures
  A gnoll (D:1)
  A bat (D:1)
  2 endoplasms (D:1)
  2 giant cockroaches (D:1)
  A goblin (D:1)
  A hobgoblin (D:1)
  3 jackals (D:1)
  2 kobolds (D:1)
  A quokka (D:1)
  2 frilled lizards (D:1)
  2 rats (D:1)
18 creatures vanquished.

Notes
Turn   | Place    | Note
-------+----------+-------------------------------------------
     0 | D:1      | Morbidden the Demonspawn Fighter began the quest for the
                  | Orb.
     0 | D:1      | Reached XP level 1. HP: 18/18 MP: 1/1
   213 | D:1      | Gained mutation: You have a small tail. [demonic ancestry]
   213 | D:1      | Reached XP level 2. HP: 24/24 MP: 2/2
   334 | D:1      | Gained mutation: Spells you cast may paralyse adjacent
                  | enemies. [demonic ancestry]
   334 | D:1      | Reached XP level 3. HP: 15/29 MP: 3/3
   624 | D:1      | Quit the game

Illustrated notes

Levels and vault maps discovered:
D:1:      dpeg_arrival_tiny_d, layout_basic, shapermc_ecumenical_altar_venn

Skill      XL: |  1  2 |
---------------+-------+-----
Axes           | 2 |  2.2
Fighting       | |  3.4
Armour         | |  2.8
Dodging        | |  0.4
Shields        | |  2.8
Spellcasting   | |  0.5

Action                   || total
-------------------------++-------
Melee: War axe           ||    34
       Tailslap          ||     2
Armor: Chain mail        ||    24
       Scale mail        ||     2
Dodge: Dodged            ||    14
Block: Buckler           ||     5

Table legend: (Time is in decaauts)
 A = Elapsed time spent in this place.
 B = Non-inter-level travel time spent in this place.
 C = Inter-level travel time spent in this place.
 D = Time resting spent in this place.
 E = Time spent auto-exploring this place.
 F = Levels seen in this place.
 G = Mean time per level.
                   A        B        C        D        E       F      G
               +--------+--------+--------+--------+--------+-----+--------+
         Total |    638 |    638 |      0 |      0 |    500 |   1 |  638.0 |
       Dungeon |    638 |    638 |      0 |      0 |    500 |   1 |  638.0 |
               +--------+--------+--------+--------+--------+-----+--------+

Top non-repeatable levels by time:
     D:1: 638 daAuts
